MLB
PHILADELPHIA PHILLIES @ CHICAGO (N) CUBS
05/30/2042
 
TOP OF THE 1ST
Philadelphia Phillies batting - Pitching for Chicago (N) Cubs : RHP Mike McDonald
Pitching: RHP Mike McDonald
Batting: RHB César Vega 0-0: Ball
1-0: Fly out, F8 (Flyball, 8LD, EV 94.4 MPH)
Batting: RHB Jeremy Baker 0-0: Called Strike
0-1: Foul Ball, location: 3SF
0-2: Ball
1-2: Ball
2-2: DOUBLE (Line Drive, 7LM, EV 103.1 MPH)
Batting: LHB Jeff Dickson 0-0: Ball
1-0: Ball
2-0: Called Strike
2-1: Foul Ball, location: 2F
2-2: Fly out, F6 (Popup, 6D, EV 46.9 MPH)
Batting: RHB Ed Jones 0-0: Foul Ball, location: 2F
0-1: Ball
1-1: Called Strike
1-2: Foul Ball, location: 2F
1-2: SINGLE (Groundball, 34S, EV 64.4 MPH) (infield hit)
Jeremy Baker to third
Batting: RHB Raúl Jaramillo 0-0: Called Strike
0-1: Called Strike
0-2: Ball
1-2: Ball
2-2: Strikes out looking
Top of the 1st over - 0 runs, 2 hits, 0 errors, 2 left on base; Philadelphia 0 - Chicago (N) 0
BOTTOM OF THE 1ST
Chicago (N) Cubs batting - Pitching for Philadelphia Phillies : RHP Luis González
Pitching: RHP Luis González
Batting: LHB Juan De Los Santos 0-0: Called Strike
0-1: Called Strike
0-2: Ball
1-2: Ball
2-2: Foul Ball, location: 2F
2-2: Fly out, F6 (Popup, 6MS, EV 71.9 MPH)
Batting: RHB Tony Aguirre 0-0: Called Strike
0-1: Called Strike
0-2: Ball
1-2: Ground out U3 (Groundball, 3S, EV 83.1 MPH)
Batting: RHB Tim Walsh 0-0: Swinging Strike
0-1: Foul Ball, location: 5FF
0-2: Ball
1-2: Foul Ball, location: 5DF
1-2: Foul Ball, location: 2F
1-2: SOLO HOME RUN (Flyball, 9D, EV 102.5 MPH), Distance : 399 ft
Batting: LHB Paolo Pacheco 0-0: Called Strike
0-1: Foul Ball, location: 3F
0-2: DOUBLE (Flyball, 8RXD, EV 96.3 MPH)
Batting: LHB Luis Cardenas 0-0: Ball
1-0: Ball
2-0: Swinging Strike
2-1: Foul Ball, location: 7LMF
2-2: Ground out 4-3 (Groundball, 4, EV 87.5 MPH)
Bottom of the 1st over - 1 run, 2 hits, 0 errors, 1 left on base; Philadelphia 0 - Chicago (N) 1
TOP OF THE 2ND
Philadelphia Phillies batting - Pitching for Chicago (N) Cubs : RHP Mike McDonald
Batting: RHB Manny Maldonado 0-0: Ball
1-0: Called Strike
1-1: Called Strike
1-2: Ball
2-2: Strikes out swinging
Batting: LHB Juan Costa 0-0: Reached on error, E4 (Groundball, 4, EV 84.4 MPH)
Batting: RHB Riccardo Gabrieli 0-0: Grounds into double play, 6-4-3 (Groundball, 6, EV 86.3 MPH)
Top of the 2nd over - 0 runs, 0 hits, 1 error, 0 left on base; Philadelphia 0 - Chicago (N) 1
BOTTOM OF THE 2ND
Chicago (N) Cubs batting - Pitching for Philadelphia Phillies : RHP Luis González
Batting: RHB Víctor Montaño 0-0: DOUBLE (Line Drive, 89D, EV 105.0 MPH)
Batting: RHB Màximo Guera 0-0: Ball
Wild Pitch!
Víctor Montaño to third
1-0: Ground out U3 (Groundball, 34, EV 85.6 MPH)
Víctor Montaño scores
Batting: RHB Juan Cuevas 0-0: Called Strike
0-1: Ground out 5-3 (Groundball, 56, EV 85.0 MPH)
Batting: RHB Raúl Peña 0-0: Ground out 6-3 (Groundball, 6, EV 78.8 MPH)
Bottom of the 2nd over - 1 run, 1 hit, 0 errors, 0 left on base; Philadelphia 0 - Chicago (N) 2
TOP OF THE 3RD
Philadelphia Phillies batting - Pitching for Chicago (N) Cubs : RHP Mike McDonald
Batting: RHB Tony Kelley 0-0: Ball
1-0: Ball
2-0: Called Strike
2-1: Ground out 1-3 (Groundball, 15, EV 70.0 MPH)
Batting: RHB César Vega 0-0: Ball
1-0: Ball
2-0: Ball
3-0: Called Strike
3-1: Base on Balls
Batting: RHB Jeremy Baker 0-0: Ball
César Vega steals 2nd base
1-0: Ball
2-0: Called Strike
2-1: Called Strike
2-2: Strikes out looking
Batting: LHB Jeff Dickson 0-0: Called Strike
0-1: Ball
1-1: SINGLE (Groundball, 4D, EV 95.6 MPH)
César Vega to third
Runner from 3rd tries for Home, SAFE, throw by RF to home
Batting: RHB Ed Jones 0-0: Ball
1-0: SINGLE (Line Drive, 6D, EV 98.1 MPH)
Jeff Dickson to second
Runner from 2nd tries for 3rd, SAFE, no throw by CF
Batting: RHB Raúl Jaramillo 0-0: Ball
1-0: Fly out, F4 (Popup, 4S, EV 79.4 MPH)
Top of the 3rd over - 1 run, 2 hits, 0 errors, 2 left on base; Philadelphia 1 - Chicago (N) 2
BOTTOM OF THE 3RD
Chicago (N) Cubs batting - Pitching for Philadelphia Phillies : RHP Luis González
Batting: LHB Juan De Los Santos 0-0: Swinging Strike
0-1: Ball
1-1: Ground out 4-3 (Groundball, 4, EV 81.3 MPH)
Batting: RHB Tony Aguirre 0-0: Foul Ball, location: 25F
0-1: Ball
1-1: Swinging Strike
1-2: Foul Ball, location: 2F
1-2: Foul Ball, location: 2F
1-2: Ground out 5-3 (Groundball, 56S, EV 81.9 MPH)
Batting: RHB Tim Walsh 0-0: Ball
1-0: Foul Ball, location: 7LMF
1-1: Ball
2-1: Swinging Strike
2-2: Strikes out swinging
Bottom of the 3rd over - 0 runs, 0 hits, 0 errors, 0 left on base; Philadelphia 1 - Chicago (N) 2
TOP OF THE 4TH
Philadelphia Phillies batting - Pitching for Chicago (N) Cubs : RHP Mike McDonald
Batting: RHB Manny Maldonado 0-0: Ball
1-0: Swinging Strike
1-1: SINGLE (Flyball, 8RS, EV 91.3 MPH)
Batting: LHB Juan Costa 0-0: Called Strike
0-1: Ball
1-1: Bunted foul
1-2: Fielders Choice at 2nd, 6-4 (Groundball, 6, EV 84.4 MPH)
Batting: RHB Riccardo Gabrieli 0-0: Ball
1-0: Ball
2-0: Swinging Strike
2-1: Swinging Strike
2-2: Strikes out swinging
Juan Costa is caught stealing 2nd base 2-4
Batter strikes out.
Top of the 4th over - 0 runs, 1 hit, 0 errors, 0 left on base; Philadelphia 1 - Chicago (N) 2
BOTTOM OF THE 4TH
Chicago (N) Cubs batting - Pitching for Philadelphia Phillies : RHP Luis González
Batting: LHB Paolo Pacheco 0-0: Swinging Strike
0-1: Foul Ball, location: 25F
0-2: Foul Ball, location: 3F
0-2: Ball
1-2: Ball
2-2: Foul Ball, location: 25FF
2-2: Foul Ball, location: 9LMF
2-2: Ball
3-2: Fly out, F9 (Flyball, 89D, EV 104.4 MPH)
Batting: LHB Luis Cardenas 0-0: Called Strike
0-1: Ball
1-1: Swinging Strike
1-2: Ball
2-2: Ball
3-2: Base on Balls
Batting: RHB Víctor Montaño 0-0: Ball
1-0: Called Strike
1-1: Called Strike
1-2: Foul Ball, location: 3DF
1-2: Foul Ball, location: 7LMFF
1-2: Foul Ball, location: 9LSF
1-2: DOUBLE (Flyball, 8RXD, EV 96.3 MPH)
Luis Cardenas to third
Runner from 3rd tries for Home, SAFE, no throw by CF
Batting: RHB Màximo Guera 0-0: Ground out 4-3 (Groundball, 4, EV 96.3 MPH)
Víctor Montaño to third
Batting: RHB Juan Cuevas 0-0: Foul Ball, location: 9LMF
0-1: Ball
1-1: Called Strike
1-2: Foul Ball, location: 9LMF
1-2: Ball
2-2: Fly out, F8 (Flyball, 89D, EV 95.6 MPH)
Bottom of the 4th over - 1 run, 1 hit, 0 errors, 1 left on base; Philadelphia 1 - Chicago (N) 3
TOP OF THE 5TH
Philadelphia Phillies batting - Pitching for Chicago (N) Cubs : RHP Mike McDonald
Batting: RHB Tony Kelley 0-0: Ground out 5-3 (Groundball, 5, EV 81.9 MPH)
Batting: RHB César Vega 0-0: Ball
1-0: Foul Ball, location: 2F
1-1: Swinging Strike
1-2: Foul Ball, location: 3DF
1-2: SINGLE (Groundball, 6MD, EV 98.8 MPH)
Batting: RHB Jeremy Baker 0-0: Ground out 6-3 (Groundball, 6, EV 90.6 MPH)
César Vega to second
Batting: LHB Jeff Dickson 0-0: Ball
1-0: Ball
2-0: Ball
3-0: Base on Balls
Batting: RHB Ed Jones 0-0: Foul Ball, location: 23F
0-1: Foul Ball, location: 5F
0-2: Foul Ball, location: 9LMF
0-2: Strikes out swinging
Top of the 5th over - 0 runs, 1 hit, 0 errors, 2 left on base; Philadelphia 1 - Chicago (N) 3
BOTTOM OF THE 5TH
Chicago (N) Cubs batting - Pitching for Philadelphia Phillies : RHP Luis González
Batting: RHB Raúl Peña 0-0: Foul Ball, location: 2F
0-1: Ball
1-1: SINGLE (Line Drive, 5D, EV 95.6 MPH)
Batting: LHB Juan De Los Santos 0-0: Called Strike
0-1: Ball
1-1: Swinging Strike
1-2: Ball
2-2: Strikes out swinging
Batting: RHB Tony Aguirre 0-0: Called Strike
0-1: Foul Ball, location: 23F
0-2: SINGLE (Line Drive, 8RS, EV 106.9 MPH)
Raúl Peña to second
Batting: RHB Tim Walsh 0-0: Ball
1-0: Swinging Strike
1-1: Foul Ball, location: 9LSF
1-2: Foul Ball, location: 9LDF
1-2: Ball
2-2: Ball
3-2: Foul Ball, location: 9LMF
3-2: Fly out, F9 (Flyball, 9D, EV 98.1 MPH)
Runner from 2nd tags up, SAFE at 3rd, no throw by RF
Batting: LHB Paolo Pacheco 0-0: Ball
1-0: Called Strike
1-1: Ball
2-1: Foul Ball, location: 2F
2-2: Foul Ball, location: 2F
2-2: Ground out U3 (Groundball, 3, EV 81.3 MPH)
Bottom of the 5th over - 0 runs, 2 hits, 0 errors, 2 left on base; Philadelphia 1 - Chicago (N) 3
TOP OF THE 6TH
Philadelphia Phillies batting - Pitching for Chicago (N) Cubs : RHP Mike McDonald
Batting: RHB Raúl Jaramillo 0-0: Ball
1-0: Ball
2-0: Swinging Strike
2-1: Ball
3-1: DOUBLE (Groundball, 3L, EV 104.4 MPH)
Batting: RHB Manny Maldonado 0-0: Called Strike
0-1: Called Strike
0-2: Ball
1-2: Ball
2-2: Ball
3-2: Ground out 4-3 (Groundball, 4, EV 98.1 MPH)
Raúl Jaramillo to third
Pitching: RHP Bob Head
Batting: LHB Juan Costa 0-0: Ground out U3 (Groundball, 3, EV 85.6 MPH)
Batting: RHB Riccardo Gabrieli 0-0: Called Strike
0-1: Ball
1-1: Foul Ball, location: 25F
1-2: Ball
2-2: Foul Ball, location: 2F
2-2: Ball
3-2: Strikes out swinging
Top of the 6th over - 0 runs, 1 hit, 0 errors, 1 left on base; Philadelphia 1 - Chicago (N) 3
BOTTOM OF THE 6TH
Chicago (N) Cubs batting - Pitching for Philadelphia Phillies : RHP Luis González
Batting: LHB Luis Cardenas 0-0: Called Strike
0-1: Ball
1-1: Ball
2-1: Foul Ball, location: 2F
2-2: Ball
3-2: Fly out, F9 (Flyball, 9D, EV 78.8 MPH)
Batting: RHB Víctor Montaño 0-0: Called Strike
0-1: Called Strike
0-2: Strikes out looking
Batting: RHB Màximo Guera 0-0: Fly out, F7 (Line Drive, 7, EV 93.8 MPH)
Bottom of the 6th over - 0 runs, 0 hits, 0 errors, 0 left on base; Philadelphia 1 - Chicago (N) 3
TOP OF THE 7TH
Philadelphia Phillies batting - Pitching for Chicago (N) Cubs : RHP Bob Head
Batting: RHB Tony Kelley 0-0: Called Strike
0-1: Ball
1-1: Called Strike
1-2: Foul Ball, location: 5DF
1-2: Strikes out swinging
Batting: RHB César Vega 0-0: Swinging Strike
0-1: Called Strike
0-2: Ball
1-2: Foul Ball, location: 2F
1-2: Strikes out swinging
Batting: RHB Jeremy Baker 0-0: Called Strike
0-1: Swinging Strike
0-2: Ball
1-2: Ground out 5-3 (Groundball, 5L, EV 84.4 MPH)
Top of the 7th over - 0 runs, 0 hits, 0 errors, 0 left on base; Philadelphia 1 - Chicago (N) 3
BOTTOM OF THE 7TH
Chicago (N) Cubs batting - Pitching for Philadelphia Phillies : RHP Luis González
Pitching: RHP Johnny Hanson
Batting: RHB Juan Cuevas 0-0: Fly out, F7 (Flyball, 7, EV 98.1 MPH)
Batting: RHB Raúl Peña 0-0: Swinging Strike
0-1: Called Strike
0-2: Foul Ball, location: 2F
0-2: Ground out 6-3 (Groundball, 6, EV 91.9 MPH)
Batting: LHB Juan De Los Santos 0-0: Foul Ball, location: 23FF
0-1: Ball
1-1: Ball
2-1: SINGLE (Groundball, 34, EV 83.8 MPH) (infield hit)
Batting: RHB Tony Aguirre 0-0: Called Strike
Juan De Los Santos steals 2nd base
0-1: Swinging Strike
0-2: Foul Ball, location: 5DF
0-2: SINGLE (Groundball, 6MD, EV 93.8 MPH)
Juan De Los Santos to third
Runner from 3rd tries for Home, throw by CF and OUT! 8-2
Bottom of the 7th over - 0 runs, 2 hits, 0 errors, 1 left on base; Philadelphia 1 - Chicago (N) 3
TOP OF THE 8TH
Philadelphia Phillies batting - Pitching for Chicago (N) Cubs : RHP Bob Head
Now in LF: Mario Quintanilla
Now in RF: Paolo Pacheco
Batting: LHB Jeff Dickson 0-0: Called Strike
0-1: Ball
1-1: Called Strike
1-2: Ball
2-2: Foul Ball, location: 5FF
2-2: Foul Ball, location: 5DF
2-2: Fly out, F7 (Line Drive, 7, EV 91.9 MPH)
Pitching: LHP Artie Crawford
Batting: RHB Ed Jones 0-0: Called Strike
0-1: Foul Ball, location: 5F
0-2: Ball
1-2: Strikes out looking
Batting: RHB Raúl Jaramillo 0-0: Swinging Strike
0-1: Foul Ball, location: 9LDF
0-2: Ball
1-2: SINGLE (Groundball, 5, EV 107.5 MPH)
Batting: RHB Manny Maldonado 0-0: Called Strike
0-1: Ball
1-1: Ball
2-1: SINGLE (Line Drive, 7S, EV 97.5 MPH)
Raúl Jaramillo to second
Pinch Hitting: RHB Bob O'Herlihy 0-0: Foul Ball, location: 5SF
0-1: Ground out 5-3 (Groundball, 56S, EV 93.1 MPH)
Top of the 8th over - 0 runs, 2 hits, 0 errors, 2 left on base; Philadelphia 1 - Chicago (N) 3
BOTTOM OF THE 8TH
Chicago (N) Cubs batting - Pitching for Philadelphia Phillies : RHP Johnny Hanson
Now at 2B: Bob O'Herlihy
Now at SS: Tony Kelley
Batting: RHB Tim Walsh 0-0: SOLO HOME RUN (Flyball, 8RXD, EV 108.1 MPH), Distance : 425 ft
Batting: LHB Paolo Pacheco 0-0: Ball
1-0: Ball
2-0: Foul Ball, location: 25F
2-1: Ball
3-1: Called Strike
3-2: Foul Ball, location: 2F
3-2: SOLO HOME RUN (Flyball, 9D, EV 99.4 MPH), Distance : 395 ft
Batting: LHB Luis Cardenas 0-0: Ball
1-0: Ball
2-0: Ball
3-0: Base on Balls
Batting: RHB Mario Quintanilla 0-0: Swinging Strike
0-1: Called Strike
0-2: Foul Ball, location: 2F
0-2: Strikes out looking
Batting: RHB Màximo Guera 0-0: Ground out 4-3 (Groundball, 4, EV 68.1 MPH)
Luis Cardenas to second
Batting: RHB Juan Cuevas 0-0: Called Strike
0-1: Ball
1-1: SINGLE (Flyball, 89S, EV 84.4 MPH)
Luis Cardenas to third
Runner from 3rd tries for Home, SAFE, throw by RF to home
Batting: RHB Raúl Peña 0-0: Called Strike
Juan Cuevas steals 2nd base
0-1: Foul Ball, location: 9LSF
0-2: Strikes out swinging
Bottom of the 8th over - 3 runs, 3 hits, 0 errors, 1 left on base; Philadelphia 1 - Chicago (N) 6
TOP OF THE 9TH
Philadelphia Phillies batting - Pitching for Chicago (N) Cubs : LHP Artie Crawford
Batting: RHB Riccardo Gabrieli 0-0: Called Strike
0-1: Foul Ball, location: 3DF
0-2: Strikes out swinging
Batting: RHB Tony Kelley 0-0: Ball
1-0: Ball
2-0: Ground out 5-3 (Groundball, 56S, EV 90.6 MPH)
Batting: RHB César Vega 0-0: Called Strike
0-1: Swinging Strike
0-2: Ball
1-2: Strikes out swinging, 2-3 out at first.
Top of the 9th over - 0 runs, 0 hits, 0 errors, 0 left on base; Philadelphia 1 - Chicago (N) 6
Friday, May 17th , 2024 - OOTP Baseball 24.10 Build 82